TOP OF THE 1ST |
Nashville Sounds batting - Pitching for Fresno Grizzlies : RHP Jorge Aguilar
|
Pitching: RHP Jorge Aguilar
|
|
Batting: RHB Yonetoshi Muranaka
|
0-0: Called Strike 0-1: Ball 1-1: Swinging Strike 1-2: Foul Ball, location: 2F 1-2: Ball 2-2: Ball 3-2: SINGLE (Groundball, 4M, EV 103.8 MPH) (infield hit)
|
Batting: LHB Zachary DeLuca
|
0-0: Ball 1-0: Ball Yonetoshi Muranaka is caught stealing 2nd base 2-6 2-0: Foul Ball, location: 2F 2-1: Ball 3-1: Foul Ball, location: 2F 3-2: Base on Balls
|
Batting: SHB D.J. Codd
|
0-0: Ball 1-0: Foul Ball, location: 2F 1-1: Ball 2-1: Foul Ball, location: 2F 2-2: Hit by Pitch Zachary DeLuca to second
|
Batting: RHB Tim Cordle
|
0-0: Fly out, F9 (Flyball, 9, EV 86.9 MPH)
|
Batting: RHB Jorge Bernal
|
0-0: SINGLE (Groundball, 6MD, EV 98.8 MPH) Zachary DeLuca to third D.J. Codd to second Runner from 3rd tries for Home, SAFE, throw by CF to home D.J. Codd to third Jorge Bernal to second
|
Batting: RHB Dave Glenn
|
0-0: DOUBLE (Line Drive, 9LD, EV 110.6 MPH) D.J. Codd scores Jorge Bernal scores
|
Batting: RHB Eduardo Chavez
|
0-0: Ball 1-0: Called Strike 1-1: Ground out 1-3 (Groundball, 15S, EV 70.0 MPH)
|
Top of the 1st over - 3 runs, 3 hits, 0 errors, 1 left on base; Nashville 3 - Fresno 0 |
BOTTOM OF THE 1ST |
Fresno Grizzlies batting - Pitching for Nashville Sounds : RHP Danny Nsoah
|
Pitching: RHP Danny Nsoah
|
|
Batting: RHB Ben Hoffman
|
0-0: Called Strike 0-1: Ground out 3-1 (Groundball, 34, EV 94.4 MPH)
|
Batting: RHB C.J. Sagle
|
0-0: Bunt missed! 0-1: Ball 1-1: Called Strike 1-2: Foul Ball, location: 2F 1-2: Strikes out swinging
|
Batting: RHB Ramon Castellon
|
0-0: Called Strike 0-1: Ground out 6-3 (Groundball, 6, EV 82.5 MPH)
|
Bottom of the 1st over - 0 runs, 0 hits, 0 errors, 0 left on base; Nashville 3 - Fresno 0 |
TOP OF THE 2ND |
Nashville Sounds batting - Pitching for Fresno Grizzlies : RHP Jorge Aguilar
|
Batting: RHB Paul Wood
|
0-0: Ball 1-0: Called Strike 1-1: Ground out 4-3 (Groundball, 4S, EV 83.8 MPH)
|
Batting: RHB Matt Berkley
|
0-0: Ball 1-0: Fly out, F9 (Flyball, 9S, EV 79.4 MPH)
|
Batting: RHB Yonetoshi Muranaka
|
0-0: Ground out 6-3 (Groundball, 6, EV 83.8 MPH)
|
Top of the 2nd over - 0 runs, 0 hits, 0 errors, 0 left on base; Nashville 3 - Fresno 0 |
BOTTOM OF THE 2ND |
Fresno Grizzlies batting - Pitching for Nashville Sounds : RHP Danny Nsoah
|
Batting: SHB Paskar Adegoke
|
0-0: Swinging Strike 0-1: Foul Ball, location: 2F 0-2: SINGLE (Groundball, 34D, EV 106.9 MPH)
|
Batting: RHB Sam Spohn
|
0-0: Foul Ball, location: 2F 0-1: Swinging Strike 0-2: Strikes out swinging
|
Batting: RHB Bill Cabrera
|
0-0: Ball 1-0: Ball 2-0: Foul Ball, location: 2F 2-1: Fielders Choice at 2nd, 5-4 (Groundball, 56S, EV 84.4 MPH)
|
Batting: RHB Nick Deegan
|
0-0: Ball 1-0: Foul Ball, location: 2F 1-1: Called Strike 1-2: Strikes out looking
|
Bottom of the 2nd over - 0 runs, 1 hit, 0 errors, 1 left on base; Nashville 3 - Fresno 0 |
TOP OF THE 3RD |
Nashville Sounds batting - Pitching for Fresno Grizzlies : RHP Jorge Aguilar
|
Batting: LHB Zachary DeLuca
|
0-0: Called Strike 0-1: Swinging Strike 0-2: Strikes out looking
|
Batting: SHB D.J. Codd
|
0-0: Called Strike 0-1: Foul Ball, location: 2F 0-2: Fly out, F9 (Flyball, 9D, EV 81.9 MPH)
|
Batting: RHB Tim Cordle
|
0-0: SINGLE (Flyball, 89S, EV 92.5 MPH)
|
Batting: RHB Jorge Bernal
|
0-0: Ground out 4-3 (Groundball, 34S, EV 76.9 MPH)
|
Top of the 3rd over - 0 runs, 1 hit, 0 errors, 1 left on base; Nashville 3 - Fresno 0 |
BOTTOM OF THE 3RD |
Fresno Grizzlies batting - Pitching for Nashville Sounds : RHP Danny Nsoah
|
Batting: RHB Raul Sanchez
|
0-0: Ball 1-0: Ground out 6-3 (Groundball, 6, EV 102.5 MPH)
|
Batting: RHB Jorge Gutierrez
|
0-0: Foul Ball, location: 2F 0-1: Swinging Strike 0-2: Foul Ball, location: 2F 0-2: Ground out 5-3 (Groundball, 5, EV 79.4 MPH)
|
Batting: RHB Ben Hoffman
|
0-0: Called Strike 0-1: Ball 1-1: Ball 2-1: SINGLE (Groundball, 56D, EV 100.0 MPH)
|
Batting: RHB C.J. Sagle
|
0-0: Ball 1-0: DOUBLE (Line Drive, 8LD, EV 104.4 MPH) Ben Hoffman to third Runner from 3rd tries for Home, SAFE, throw by CF to home
|
Batting: RHB Ramon Castellon
|
0-0: Foul Ball, location: 2F 0-1: Foul Ball, location: 2F 0-2: Ball 1-2: Ball 2-2: SINGLE (Groundball, 6S, EV 71.2 MPH) (infield hit) C.J. Sagle to third
|
Batting: SHB Paskar Adegoke
|
0-0: Ball 1-0: Ball 2-0: Ground out 4-3 (Groundball, 4, EV 109.4 MPH)
|
Bottom of the 3rd over - 1 run, 3 hits, 0 errors, 2 left on base; Nashville 3 - Fresno 1 |
TOP OF THE 4TH |
Nashville Sounds batting - Pitching for Fresno Grizzlies : RHP Jorge Aguilar
|
Batting: RHB Dave Glenn
|
0-0: Called Strike 0-1: Ball 1-1: Foul Ball, location: 2F 1-2: Ball 2-2: Ground out 5-3 (Groundball, 56S, EV 79.4 MPH)
|
Batting: RHB Eduardo Chavez
|
0-0: SINGLE (Line Drive, 5L, EV 94.4 MPH)
|
Batting: RHB Paul Wood
|
Pickoff Play to 1st, Runner tries for 2nd, OUT after rundown. 0-0: Ball 1-0: Called Strike 1-1: Ball 2-1: Swinging Strike 2-2: Ball 3-2: Base on Balls
|
Batting: RHB Matt Berkley
|
0-0: Ball 1-0: Ball 2-0: Ball 3-0: Called Strike 3-1: Fly out, F8 (Line Drive, 8LM, EV 108.8 MPH)
|
Top of the 4th over - 0 runs, 1 hit, 0 errors, 1 left on base; Nashville 3 - Fresno 1 |
BOTTOM OF THE 4TH |
Fresno Grizzlies batting - Pitching for Nashville Sounds : RHP Danny Nsoah
|
Batting: RHB Sam Spohn
|
0-0: TRIPLE (Groundball, 5L, EV 97.5 MPH)
|
Batting: RHB Bill Cabrera
|
0-0: Foul Ball, location: 2F 0-1: Swinging Strike 0-2: Ball 1-2: Ball 2-2: Ground out 5-3 (Groundball, 5L, EV 80.6 MPH)
|
Batting: RHB Nick Deegan
|
0-0: Called Strike 0-1: Ball 1-1: Ground out 1-3 (Groundball, 34S, EV 66.9 MPH)
|
Batting: RHB Raul Sanchez
|
0-0: Ball 1-0: Called Strike 1-1: Swinging Strike 1-2: Fly out, F4 (Popup, 34S, EV 68.8 MPH)
|
Bottom of the 4th over - 0 runs, 1 hit, 0 errors, 1 left on base; Nashville 3 - Fresno 1 |
TOP OF THE 5TH |
Nashville Sounds batting - Pitching for Fresno Grizzlies : RHP Jorge Aguilar
|
Batting: RHB Yonetoshi Muranaka
|
0-0: Ball 1-0: Ball 2-0: Called Strike 2-1: Ground out U3 (Groundball, 34S, EV 79.4 MPH)
|
Batting: LHB Zachary DeLuca
|
0-0: Ball 1-0: Ball 2-0: Ball 3-0: Base on Balls
|
Batting: SHB D.J. Codd
|
0-0: Ball 1-0: Called Strike 1-1: Swinging Strike 1-2: Ball 2-2: Strikes out swinging
|
Batting: RHB Tim Cordle
|
0-0: Called Strike 0-1: Swinging Strike 0-2: Strikes out swinging
|
Top of the 5th over - 0 runs, 0 hits, 0 errors, 1 left on base; Nashville 3 - Fresno 1 |
BOTTOM OF THE 5TH |
Fresno Grizzlies batting - Pitching for Nashville Sounds : RHP Danny Nsoah
|
Batting: RHB Jorge Gutierrez
|
0-0: Ball 1-0: Foul Ball, location: 2F 1-1: Fly out, F8 (Flyball, 8LD, EV 101.9 MPH)
|
Batting: RHB Ben Hoffman
|
0-0: Ball 1-0: Ball 2-0: Ball 3-0: Called Strike 3-1: Base on Balls
|
Batting: RHB C.J. Sagle
|
0-0: Fielders Choice at 2nd, 6-4 (Groundball, 6, EV 96.9 MPH)
|
Batting: RHB Ramon Castellon
|
0-0: Ball C.J. Sagle is caught stealing 2nd base 2-4
|
Bottom of the 5th over - 0 runs, 0 hits, 0 errors, 0 left on base; Nashville 3 - Fresno 1 |
TOP OF THE 6TH |
Nashville Sounds batting - Pitching for Fresno Grizzlies : RHP Jorge Aguilar
|
Batting: RHB Jorge Bernal
|
0-0: Ball 1-0: Foul Ball, location: 2F 1-1: Swinging Strike 1-2: Strikes out swinging
|
Batting: RHB Dave Glenn
|
0-0: Swinging Strike 0-1: Ground out 4-3 (Groundball, 4, EV 102.5 MPH)
|
Batting: RHB Eduardo Chavez
|
0-0: Ball 1-0: Called Strike 1-1: Foul Ball, location: 2F 1-2: Foul Ball, location: 2F 1-2: Ground out 6-3 (Groundball, 6, EV 97.5 MPH)
|
Top of the 6th over - 0 runs, 0 hits, 0 errors, 0 left on base; Nashville 3 - Fresno 1 |
BOTTOM OF THE 6TH |
Fresno Grizzlies batting - Pitching for Nashville Sounds : RHP Danny Nsoah
|
Batting: RHB Ramon Castellon
|
0-0: Ground out 6-3 (Groundball, 6, EV 101.9 MPH)
|
Batting: SHB Paskar Adegoke
|
0-0: Called Strike 0-1: Foul Ball, location: 2F 0-2: Hit by Pitch
|
Batting: RHB Sam Spohn
|
0-0: Called Strike 0-1: 2-RUN HOME RUN (Line Drive, 9D, EV 95.6 MPH), Distance : 379 ft
|
Batting: RHB Bill Cabrera
|
0-0: Swinging Strike 0-1: SOLO HOME RUN (Flyball, 7LD, EV 95.6 MPH), Distance : 351 ft
|
Batting: RHB Nick Deegan
|
0-0: Ball 1-0: Ball 2-0: Ball 3-0: Called Strike 3-1: Foul Ball, location: 2F 3-2: DOUBLE (Line Drive, 89D, EV 106.9 MPH)
|
Batting: RHB Raul Sanchez
|
0-0: Fly out, F9 (Flyball, 9, EV 93.8 MPH)
|
Batting: RHB Jorge Gutierrez
|
0-0: SINGLE (Groundball, 6MD, EV 101.2 MPH) Nick Deegan to third Runner from 3rd tries for Home, SAFE, throw by CF to home
|
Pitching: RHP Elijah Everett
|
|
Batting: RHB Ben Hoffman
|
0-0: Called Strike 0-1: Swinging Strike 0-2: Ball 1-2: Strikes out swinging
|
Bottom of the 6th over - 4 runs, 4 hits, 0 errors, 1 left on base; Nashville 3 - Fresno 5 |
TOP OF THE 7TH |
Nashville Sounds batting - Pitching for Fresno Grizzlies : RHP Jorge Aguilar
|
Batting: RHB Paul Wood
|
0-0: Swinging Strike 0-1: Reached on error, E5 (Groundball, 56S, EV 95.0 MPH)
|
Batting: RHB Matt Berkley
|
0-0: Called Strike 0-1: Hit by Pitch Paul Wood to second
|
Batting: RHB Yonetoshi Muranaka
|
0-0: Ball 1-0: Ball 2-0: Swinging Strike 2-1: SINGLE (Groundball, 34D, EV 102.5 MPH) Paul Wood to third Matt Berkley to second
|
Batting: LHB Zachary DeLuca
|
0-0: Ball 1-0: Ball 2-0: Called Strike 2-1: Called Strike 2-2: Strikes out swinging
|
Batting: SHB D.J. Codd
|
0-0: GRAND SLAM HOME RUN (Flyball, 78XD, EV 98.8 MPH), Distance : 405 ft
|
Pitching: RHP Alexander Hagan
|
|
Batting: RHB Tim Cordle
|
0-0: Called Strike 0-1: Foul Ball, location: 2F 0-2: Ball 1-2: Foul Ball, location: 2F 1-2: Fly out, F7 (Flyball, 7LSF, EV 75.0 MPH)
|
Batting: RHB Jorge Bernal
|
0-0: Reached on error, E1 (Groundball, 15S, EV 66.9 MPH)
|
Batting: RHB Dave Glenn
|
0-0: Ball 1-0: Ball Jorge Bernal steals 2nd base 2-0: Called Strike 2-1: Ball 3-1: Called Strike 3-2: Strikes out swinging
|
Top of the 7th over - 4 runs, 2 hits, 2 errors, 1 left on base; Nashville 7 - Fresno 5 |
BOTTOM OF THE 7TH |
Fresno Grizzlies batting - Pitching for Nashville Sounds : RHP Elijah Everett
|
Batting: RHB C.J. Sagle
|
0-0: Ground out 6-3 (Groundball, 6, EV 86.9 MPH)
|
Batting: RHB Ramon Castellon
|
0-0: Called Strike 0-1: Ball 1-1: Ball 2-1: Foul Ball, location: 2F 2-2: Strikes out swinging
|
Batting: SHB Paskar Adegoke
|
0-0: Fly out, F9 (Flyball, 9, EV 90.0 MPH)
|
Bottom of the 7th over - 0 runs, 0 hits, 0 errors, 0 left on base; Nashville 7 - Fresno 5 |
TOP OF THE 8TH |
Nashville Sounds batting - Pitching for Fresno Grizzlies : RHP Alexander Hagan
|
Batting: RHB Eduardo Chavez
|
0-0: Ball 1-0: Called Strike 1-1: Ball 2-1: Ground out 3-1 (Groundball, 34, EV 80.6 MPH)
|
Batting: RHB Paul Wood
|
0-0: Ball 1-0: Ground out 4-3 (Groundball, 4, EV 93.1 MPH)
|
Batting: RHB Matt Berkley
|
0-0: Ball 1-0: Called Strike 1-1: Foul Ball, location: 2F 1-2: Strikes out swinging
|
Top of the 8th over - 0 runs, 0 hits, 0 errors, 0 left on base; Nashville 7 - Fresno 5 |
BOTTOM OF THE 8TH |
Fresno Grizzlies batting - Pitching for Nashville Sounds : RHP Elijah Everett
|
Batting: RHB Sam Spohn
|
0-0: Foul Ball, location: 2F 0-1: Foul Ball, location: 2F 0-2: Foul Ball, location: 2F 0-2: Strikes out looking
|
Batting: RHB Bill Cabrera
|
0-0: Called Strike 0-1: Fly out, F7 (Flyball, 7S, EV 95.0 MPH)
|
Batting: RHB Nick Deegan
|
0-0: Ball 1-0: Ball 2-0: Foul Ball, location: 2F 2-1: Foul Ball, location: 2F 2-2: Strikes out swinging
|
Bottom of the 8th over - 0 runs, 0 hits, 0 errors, 0 left on base; Nashville 7 - Fresno 5 |
TOP OF THE 9TH |
Nashville Sounds batting - Pitching for Fresno Grizzlies : RHP Alexander Hagan
|
Pitching: RHP John Mathis
|
|
Batting: RHB Yonetoshi Muranaka
|
0-0: Called Strike 0-1: Ball 1-1: SINGLE (Groundball, 5S, EV 65.6 MPH) (infield hit)
|
Batting: LHB Zachary DeLuca
|
0-0: Ball Yonetoshi Muranaka steals 2nd base 1-0: Called Strike 1-1: Foul Ball, location: 2F 1-2: Strikes out swinging
|
Batting: SHB D.J. Codd
|
0-0: Intentional Walk
|
Batting: RHB Tim Cordle
|
0-0: DOUBLE (Line Drive, 5D, EV 95.0 MPH) Yonetoshi Muranaka scores D.J. Codd to third
|
Batting: RHB Jorge Bernal
|
0-0: Ball 1-0: Ground out 1-3 (Groundball, 25, EV 69.4 MPH)
|
Batting: RHB Dave Glenn
|
0-0: Called Strike 0-1: Ground out 6-3 (Groundball, 6, EV 76.9 MPH)
|
Top of the 9th over - 1 run, 2 hits, 0 errors, 2 left on base; Nashville 8 - Fresno 5 |
BOTTOM OF THE 9TH |
Fresno Grizzlies batting - Pitching for Nashville Sounds : RHP Elijah Everett
|
Pitching: RHP Charlie Shook
|
|
Batting: RHB Raul Sanchez
|
0-0: Ball 1-0: Ground out 4-3 (Groundball, 4, EV 90.0 MPH)
|
Pinch Hitting: LHB Kelvin Jones
|
0-0: Called Strike 0-1: Foul Ball, location: 2F 0-2: Strikes out swinging
|
Batting: RHB Ben Hoffman
|
0-0: Ball 1-0: Ball 2-0: Ball 3-0: Called Strike 3-1: Called Strike 3-2: Base on Balls
|
Batting: RHB C.J. Sagle
|
0-0: Fielders Choice at 2nd, 5-4 (Groundball, 5, EV 103.1 MPH)
|
Bottom of the 9th over - 0 runs, 0 hits, 0 errors, 1 left on base; Nashville 8 - Fresno 5 |
|